 Dungeon Crawl Stone Soup version 0.25-a0-1133-g93ebf73 (webtiles) character file.

Game seed: 7922391475506229322, levelgen mode: deterministic

11 BlueFish the Grasshopper (level 2, 0/19 HPs)
             Began as an Octopode Warper on May 22, 2020.
             Slain by a goblin
             ... wielding a +0 club
              (3 damage)
             ... on level 1 of the Dungeon on May 23, 2020.
             The game lasted 00:02:07 (339 turns).

BlueFish the Grasshopper (Octopode Warper)           Turns: 339, Time: 00:02:07

Health: 0/19       AC:  1    Str: 10    XL:     2   Next: 25%
Magic:  5/5        EV: 13    Int: 15    God:
Gold:   129        SH:  0    Dex: 11    Spells: 1/5 levels left

rFire    . . .     SeeInvis .     - Unarmed
rCold    . . .     Gourm    .   (no shield)
rNeg     . . .     Faith    .   (helmet restricted)
rPois    .         Spirit   .   (no amulet)
rElec    .         Reflect  .   (no ring)
rCorr    .         Harm     .   (no ring)
MR       .....                  (no ring)
Stlth    ++........             (no ring)
HPRegen  0.06/turn              (no ring)
MPRegen  0.09/turn              (no ring)
                                (no ring)
                                (no ring)

@: no status effects
A: almost no armour, stealthy swim, amphibious, 8 rings, constrict 8, camouflage
1, gelatinous body 1
a: no special abilities


You were on level 1 of the Dungeon.
You were not hungry.

You visited 1 branch of the dungeon, and saw 1 of its levels.

You collected 129 gold pieces.

Inventory:

Missiles
 a - 31 arrows
 c - 5 boomerangs of dispersal (quivered)
Scrolls
 b - a scroll of blinking
Potions
 e - a potion of brilliance {unknown}
Comestibles
 d - a ration
 f - a chunk of flesh


   Skills:
 * Level 2.1 Fighting
 * Level 1.1 Throwing
 * Level 2.5 Dodging
 * Level 0.7 Stealth
 * Level 2.1 Unarmed Combat
 + Level 2.0 Spellcasting
 + Level 3.0 Translocations


You had one spell level left.
You knew the following spells:

 Your Spells              Type           Power        Failure   Level  Hunger
a - Shroud of Golubria    Chrm/Tloc      #.....       19%         2    ###....
b - Blink                 Tloc           N/A          10%         2    ###....

Your spell library contained the following spells:

 Spells                   Type           Power        Failure   Level  Hunger
 Gell's Gravitas          Tloc           ##........   19%         3    ###....
 Lesser Beckoning         Tloc           ##........   19%         3    ###....
 Teleport Other           Tloc           ##......     19%         3    ###....
 Passage of Golubria      Tloc           N/A          54%         4    #####..


Dungeon Overview and Level Annotations

Branches:
Dungeon (1/15)

Altars:


Innate Abilities, Weirdness & Mutations

You cannot wear most types of armour.
You are very stealthy in the water. (Stealth+)
You are amphibious.
You can wear up to eight rings at the same time.
You can use your tentacles to constrict eight enemies at once.
Your skin changes colour to match your surroundings (Stealth+).
Your rubbery body absorbs attacks. (AC +1, EV +1)


Message History

Your squeeze misses the leopard gecko.
The leopard gecko is heavily wounded.
You constrict the leopard gecko. The leopard gecko bites you.
You tentacle-slap the leopard gecko.
You kill the leopard gecko!
The kobold throws a stone.
The stone hits you but does no damage.
A goblin comes into view. It is wielding a +0 club.
The kobold hits you with a +0 dagger.
You closely miss the kobold.
The goblin shouts!
Your grab misses the kobold. You squeeze the kobold.
You kill the kobold!
The goblin hits you. The goblin hits you with a +0 club.
* * * LOW HITPOINT WARNING * * *
Found 22 arrows and a dagger.
Things that are here:
a +0 dagger; 3 stones; a kobold corpse You barely miss the goblin.
You grab the goblin. You constrict the goblin. The goblin misses you.
The goblin hits you with a +0 club.
You die...

###)#..##....#
##.#.###....#
.#########....# #....#
.......#....#####....##
####...................
......((.............##
####.#.(.######...#)##
#.### #.###..##
#@########.##...÷.
......gg.........##.....
......>.#######.........
..)(....##### #.###.....
####.........##.# #.....
####.# #....# ###### ..#
#..####### .##
#......÷.##
#..######..###


You could see 2 goblins.

Vanquished Creatures
  A leopard gecko (D:1)
  A giant cockroach (D:1)
  A hobgoblin (D:1)
  A bat (D:1)
  A frilled lizard (D:1)
  A goblin (D:1)
  3 kobolds (D:1)
  2 rats (D:1)
11 creatures vanquished.

Vanquished Creatures (others)
  4 toadstools (D:1)
4 creatures vanquished.

Grand Total: 15 creatures vanquished

Notes
Turn   | Place    | Note
-------+----------+-------------------------------------------
     0 | D:1      | BlueFish the Octopode Warper began the quest for the Orb.
     0 | D:1      | Reached XP level 1. HP: 14/14 MP: 3/3
   254 | D:1      | Reached XP level 2. HP: 15/19 MP: 5/5
   258 | D:1      | Learned a level 2 spell: Shroud of Golubria
   261 | D:1      | Learned a level 2 spell: Blink
   339 | D:1      | Slain by a goblin

Illustrated notes

Levels and vault maps discovered:
D:1:      grunt_arrival_lava_bath, layout_rooms, minmay_gold_behind_fungi

Action                   || total
-------------------------++-------
Melee: Unarmed           ||    27
       Constrict         ||     8
       Tentacles         ||     4
       Punch             ||     1
 Stab: Sleeping          ||     2
Armor: Skin              ||     4
Dodge: Dodged            ||    10

Table legend:
 A = Non-vault XP
 B = Vault XP
 C = Vault XP percentage of total XP
 D = Non-vault monster count
 E = Vault monster count
 F = Vault count percentage of total count
                 A         B        C        D         E       F
            +---------+---------+-------+---------+---------+-------
      Total |      16 |       0 |   0.0 |      11 |       0 |   0.0
            +---------+---------+-------+---------+---------+-------
        D:1 |      16 |       0 |   0.0 |      11 |       0 |   0.0
            +---------+---------+-------+---------+---------+-------
